 Dungeon Crawl Stone Soup version 0.30-a0-414-gcb316572d5 (webtiles) character file.

Game seed: 4242529848415027635

18 McMuffin the Trooper (level 2, -1/27 HPs)
             Began as a Hill Orc Fighter on Dec 7, 2022.
             Slain by bande's ghost (11 damage)
             ... on level 3 of the Dungeon.
             The game lasted 00:08:20 (968 turns).

McMuffin the Trooper (Hill Orc Fighter)              Turns: 968, Time: 00:08:21

Health: -1/27      AC:  6    Str: 18    XL:     2   Next: 66%
Magic:  2/2        EV:  9    Int:  8    God:
Gold:   83         SH:  4    Dex: 10    Spells: 1/1 levels left

rFire   . . .      SeeInvis .    a - +1 war axe
rCold   . . .      Faith    .    c - +0 buckler
rNeg    . . .      Spirit   .    b - +0 scale mail
rPois   .          Reflect  .    (no helmet)
rElec   .          Harm     .    (no cloak)
rCorr   .          Rampage  .    (no gloves)
Will    .....                    (no boots)
Stlth   ..........               (no amulet)
HPRegen 0.24/turn                (no ring)
MPRegen 0.08/turn                (no ring)

@: invisible (expiring)
A: no striking features
a: no special abilities


You were on level 3 of the Dungeon.
You visited 1 branch of the dungeon, and saw 3 of its levels.

You collected 83 gold pieces.

Inventory:

Hand Weapons
 a - a +1 war axe (weapon)
Missiles
 e - 3 poisoned darts (quivered)
Armour
 b - a +0 scale mail (worn)
 c - a +0 buckler (worn)
Jewellery
 h - a ring of fire
Scrolls
 j - 2 scrolls of identify
 l - a scroll of noise {unknown}
Potions
 d - a potion of might
 k - 3 potions of brilliance
 m - a potion of curing {unknown}


   Skills:
 + Level 3.9 Fighting
 + Level 3.0 Axes
 + Level 3.6 Armour
 + Level 3.5 Shields


You had one spell level left.
You didn't know any spells.
Your spell library was empty.

Dungeon Overview and Level Annotations

Branches:
Dungeon (3/15)

Altars:

Annotations:
D:3 bande's ghost, amateur GrFi


Message History

You kill the bat!
f - a scroll labelled VOLUFU XATUUDUIH
There is an escape hatch in the floor here.
You open the door. As you open the door, it creaks loudly!
Found a scroll of identify.
There is an open door here.
A goblin comes into view. It is wielding a +0 club.
The goblin shouts!
Found a scroll of identify.
Found a runed translucent door.
The goblin closely misses you.
You slash the goblin!
You kill the goblin!
Your Axes skill increases to level 3!
j - 2 scrolls of identify (gained 1)
Found a bubbling yellow potion.
Press: ? - help, v - describe, . - travel A runed translucent door.
Found 15 gold pieces.
You open the door. You hit bande's ghost but do no damage.
Bande's ghost hits you! Bande's ghost hits you.
You hit bande's ghost but do no damage. You block bande's ghost's attack.
As you read the scroll labelled VOLUFU XATUUDUIH, it crumbles to dust.
It is a scroll of enchant weapon.
Your +0 war axe glows red for a moment.
Bande's ghost hits you!
* * * LOW HITPOINT WARNING * * *
It was a potion of invisibility.
You fade into invisibility!
You block bande's ghost's attack. Bande's ghost barely misses you.
Bande's ghost completely misses you.
Things that are here:
a +0 club; a goblin corpse Bande's ghost shrieks, "You must not fail where I succeeded!"
You flicker for a moment.
You block bande's ghost's attack. Bande's ghost hits you!
You die...

#....).......#'#....#.
#.........#...........
##..##....##......#...
##.##....###.###.#
#.##....# #.# ..
#..##'#####.# ##
##..#.#...... ##.W.#.#
#.# ##.@..# #.# #....#
#....## ##'#..##.#
#.#.....# ..#>##.^#
#########.##.##
#...........>####
#.#.#.###............


You could see bande's ghost (unable to see you).

Vanquished Creatures
  A dart slug (D:1)
  2 ball pythons (D:1)
  A goblin (D:3)
  2 quokkas
  3 bats
  2 frilled lizards (D:1)
  2 kobolds (D:1)
  2 rats (D:1)
15 creatures vanquished.

Notes
Turn   | Place    | Note
-------+----------+-------------------------------------------
     0 | D:1      | McMuffin the Hill Orc Fighter began the quest for the Orb.
     0 | D:1      | Reached XP level 1. HP: 19/19 MP: 1/1
   217 | D:1      | Reached XP level 2. HP: 27/27 MP: 2/2
   922 | D:3      | Noticed bande's ghost (amateur GrFi)
   924 | D:3      | Found a runed translucent door.
   968 | D:3      | Slain by bande's ghost

Illustrated notes

Levels and vault maps discovered:
D:1:      lightli_arrival_lavapool, layout_rooms, nicolae_hexahallways,
          roderic_serpentine_path
D:2:      layout_basic, uniq_jessica, uniq_natasha, uniq_robin
D:3:      layout_basic, nicolae_qazlal_eye_of_the_storm,
          hellmonk_ghost_happy_afterlife, serial_bayou, serial_bayou_pond_d,
          serial_bayou_shore_a, serial_bayou_pond_b, serial_bayou_pond_c,
          dk_noncrumbling_2

Skill      XL: |  1  2 |
---------------+-------+-----
Axes           | 3 |  3.0
Fighting       | |  3.9
Armour         | |  3.6
Shields        | |  3.5

Action                   || total
-------------------------++-------
Melee: War axe           ||    47
  Use: Scroll            ||     4
       Potion            ||     1
Armor: Scale mail        ||    36
Dodge: Dodged            ||    28
Block: Buckler           ||    16

Table legend: (Time is in decaauts)
 A = Elapsed time spent in this place.
 B = Non-inter-level travel time spent in this place.
 C = Inter-level travel time spent in this place.
 D = Time resting spent in this place.
 E = Time spent auto-exploring this place.
 F = Levels seen in this place.
 G = Mean time per level.
                   A        B        C        D        E       F      G
               +--------+--------+--------+--------+--------+-----+--------+
         Total |    985 |    985 |      0 |      0 |      0 |   3 |  328.3 |
       Dungeon |    985 |    985 |      0 |      0 |      0 |   3 |  328.3 |
               +--------+--------+--------+--------+--------+-----+--------+

Top non-repeatable levels by time:
     D:1: 813 daAuts
     D:3: 90 daAuts
     D:2: 82 daAuts
